Map: [ESL] Data-C

Players

HeroMarine

  • Race: Terran Terran
  • Spawn Location: 9:00

Solar - Winner!

  • Race: Zerg Zerg
  • League: Master
  • Spawn Location: 3:00

Event: TSL 9

VOD

Have the link to the VOD?

Description

Time

  • Played on: Sept. 2, 2022, 1:22 p.m.
  • Length: 9:11

All games in this series

Show
View Real Time Build Order
Export as new Build Order

HeroMarine Terran 

Build Orders: Liberator Opening, Reaper Expand 

Get SALT Encoding   

  12  0:00  SCV  
  13  0:12  SCV  
  14  0:17  Supply Depot  
  14  0:24  SCV  
  15  0:38  SCV  
  15  0:40  Barracks  
  16  0:43  Refinery  
  16  0:50  SCV  
  17  1:02  SCV  
  18  1:15  SCV  
  19  1:26  Reaper, Orbital Command  
  20  1:39  Command Center  
  20  1:46  Supply Depot  
  20  1:52  SCV  
  21  1:58  Marine  
  22  2:04  SCV  
  23  2:09  Factory  
  23  2:14  Refinery  
  23  2:16  SCV  
  23  2:19  Barracks Reactor  
  24  2:28  SCV  
  25  2:40  SCV  
  26  2:51  Orbital Command  
  26  2:52  SCV  
  26  2:55  Starport  
  27  2:59  Hellion  
  27  3:00  Hellion  
  27  3:04  SCV, Marine  
  33  3:17  SCV  
  33  3:20  SCV  
  33  3:21  Hellion x2  
  33  3:24  Supply Depot  
  38  3:29  SCV  
  38  3:32  Liberator, SCV  
  43  3:41  SCV  
  44  3:42  Hellion  
  44  3:46  SCV, Barracks Tech Lab, Hellion  
  49  3:48  Supply Depot  
  49  3:53  SCV  
  50  3:58  SCV  
  47  4:05  Hellion, SCV  
  47  4:06  Stimpack  
  47  4:08  Hellion  
  52  4:10  SCV  
  52  4:13  Supply Depot, Marine  
  52  4:14  Liberator  
  57  4:18  SCV  
  57  4:22  SCV  
  60  4:31  SCV  
  60  4:34  SCV  
  60  4:35  Supply Depot  
  60  4:37  Barracks, Factory Reactor  
  61  4:40  Barracks  
  61  4:42  Marine  
  63  4:45  SCV  
  63  4:47  Engineering Bay, SCV  
  64  4:57  SCV  
  64  4:58  Starport Reactor  
  64  4:59  SCV  
  66  5:00  Marine  
  66  5:05  Command Center  
  63  5:09  SCV  
  63  5:11  SCV  
  57  5:17  Terran Infantry Weapons Level 1, Marine  
  57  5:20  Refinery, Factory Reactor  
  57  5:21  Refinery  
  58  5:22  SCV  
  58  5:23  SCV  
  60  5:29  Supply Depot  
  60  5:32  Barracks  
  60  5:34  SCV  
  60  5:35  Barracks, Marine x4, SCV  
  66  5:39  Medivac  
  66  5:40  Medivac  
  70  5:44  Marine  
  70  5:46  SCV  
  72  5:52  Marine  
  72  5:53  Marine x3  
  72  5:54  SCV  
  72  5:57  Combat Shield  
  74  6:02  Marine  
  73  6:09  Medivac  
  73  6:10  Medivac, Marine x2  
  73  6:11  Marine x2  
  80  6:15  SCV x2  
  80  6:17  Supply Depot  
  82  6:20  Hellion x2, Marine  
  82  6:21  Barracks Reactor  
  82  6:23  Barracks Reactor  
  87  6:28  Marine x4  
  87  6:30  Supply Depot, SCV x2  
  93  6:38  Armory  
  93  6:42  SCV  
  93  6:43  SCV, Marine  
  93  6:46  Marine x2  
  98  6:49  Hellion x2, Medivac x2  
  98  6:50  Orbital Command  
  106  6:54  SCV  
  106  6:55  SCV, Marine  
  106  6:56  Marine  
  106  7:01  Marine  
  109  7:02  Engineering Bay  
  109  7:06  Marine x2  
  109  7:07  Marine x2  
  109  7:08  Marine  
  115  7:09  Marine  
  115  7:11  Terran Infantry Armor Level 1  
  115  7:13  Marine  
  117  7:19  Marine x2  
  119  7:23  Marine  
  119  7:24  Supply Depot, Marine  
  119  7:25  Marine x3  
  122  7:30  Marine  
  122  7:31  Marine  
  122  7:36  Medivac, Widow Mine x2  
  125  7:41  Supply Depot  
  125  7:42  Supply Depot  
  125  7:45  Medivac, Marine x6  
  133  7:57  Marine x3  
  128  8:00  Widow Mine x2  
  128  8:03  Marine x6  
  128  8:04  SCV  
  138  8:14  Marine x3  
  138  8:18  Medivac x2  
  120  8:21  Widow Mine x2, Marine x6  
  128  8:31  SCV x2  
  128  8:32  SCV, Marine x3  
  129  8:39  Marine x6  
  127  8:42  Widow Mine  
  127  8:43  Widow Mine  
  127  8:44  Factory  
  126  8:50  Marine x3  
Show
View Real Time Build Order
Export as new Build Order

Solar Zerg - Winner!

Build Orders: Hatch First 

Get SALT Encoding   

  12  0:00  Drone  
  13  0:11  Overlord  
  13  0:17  Drone  
  14  0:31  Drone x2  
  16  0:47  Hatchery  
  15  0:51  Drone  
  15  0:54  Drone  
  17  0:57  Drone  
  18  1:08  Extractor  
  17  1:14  Spawning Pool  
  17  1:16  Drone  
  17  1:20  Drone  
  18  1:27  Drone  
  19  1:37  Drone  
  20  1:49  Drone  
  21  2:00  Queen x2  
  25  2:02  Zergling x4  
  27  2:10  Overlord  
  27  2:11  Drone  
  28  2:21  Hatchery  
  27  2:24  Drone  
  28  2:30  Drone  
  28  2:32  Drone  
  30  2:38  Queen  
  32  2:45  Overlord  
  32  2:47  Drone  
  32  2:51  Metabolic Boost  
  33  2:54  Drone  
  33  2:55  Drone  
  33  2:57  Drone  
  36  3:04  Drone  
  36  3:05  Drone  
  38  3:08  Drone x3  
  41  3:15  Queen  
  41  3:19  Overlord  
  43  3:23  Drone  
  44  3:28  Overlord  
  44  3:35  Queen x2  
  44  3:38  Drone x2  
  44  3:40  Drone  
  51  3:46  Drone x4  
  55  3:49  Zergling x2  
  55  3:57  Drone  
  55  4:00  Drone  
  55  4:02  Drone  
  57  4:05  Zergling x2  
  57  4:06  Overlord  
  57  4:07  Drone x3  
  61  4:11  Queen  
  61  4:15  Drone x3  
  66  4:18  Overlord  
  66  4:23  Spore Crawler  
  65  4:26  Drone  
  65  4:28  Zergling x8  
  65  4:31  Spore Crawler  
  69  4:33  Drone x2  
  69  4:36  Queen  
  73  4:39  Overlord  
  73  4:44  Extractor  
  71  4:45  Drone  
  71  4:46  Drone x2  
  71  4:47  Evolution Chamber  
  71  4:48  Overlord, Evolution Chamber  
  71  4:50  Overlord  
  72  4:53  Overlord  
  72  4:56  Drone  
  73  5:00  Drone  
  73  5:02  Drone  
  74  5:09  Drone x6  
  79  5:19  Drone x3  
  79  5:21  Drone x2  
  84  5:22  Drone x2  
  84  5:24  Zerg Ground Armor Level 1  
  84  5:25  Drone x4, Extractor  
  89  5:32  Zerg Melee Weapons Level 1  
  89  5:39  Zergling x2  
  89  5:40  Zergling x8  
  93  5:45  Overlord  
  93  5:56  Lair  
  93  5:58  Drone x5  
  93  6:00  Extractor x2  
  93  6:01  Hatchery  
  96  6:04  Drone x3  
  96  6:05  Drone x2  
  96  6:07  Drone x2  
  96  6:08  Baneling Nest  
  96  6:10  Zergling x6  
  103  6:21  Overlord  
  103  6:22  Zergling x2  
  103  6:23  Zergling x2  
  103  6:25  Hatchery  
  104  6:30  Drone x4  
  108  6:33  Zergling x2  
  108  6:34  Zergling x2  
  108  6:37  Zergling x8  
  108  6:38  Hatchery  
  108  6:39  Zergling x2  
  116  6:40  Zergling x2  
  116  6:46  Zergling x6  
  118  6:52  Hatchery  
  117  6:54  Zergling x4  
  117  6:57  Centrifugal Hooks, Overlord  
  117  7:00  Baneling x4  
  117  7:01  Baneling  
  119  7:02  Zergling x4  
  121  7:08  Overlord  
  121  7:12  Overlord  
  121  7:17  Zergling x2, Drone x4  
  121  7:18  Zergling x4  
  121  7:19  Baneling  
  121  7:20  Baneling x5  
  121  7:22  Pneumatized Carapace  
  128  7:23  Overseer  
  128  7:24  Zergling x10  
  128  7:29  Zergling x4  
  134  7:34  Zergling x6  
  137  7:38  Zergling x4  
  137  7:41  Zergling x6  
  141  7:47  Zergling x4  
  141  7:49  Overlord  
  141  7:51  Zergling x2  
  142  7:53  Zergling x2  
  142  7:54  Zergling x6  
  142  7:55  Overlord  
  142  7:57  Baneling x2  
  145  7:58  Zergling x10  
  145  8:02  Zergling x2  
  145  8:04  Zergling x8  
  153  8:09  Infestation Pit, Drone  
  153  8:10  Zergling x6  
  151  8:15  Zergling x12  
  138  8:20  Baneling x5  
  138  8:21  Baneling x2  
  138  8:22  Baneling x7  
  138  8:23  Zergling x10, Overlord  
  138  8:25  Overlord  
  141  8:28  Zergling x4  
  141  8:29  Zergling x6  
  141  8:31  Overlord  
  141  8:33  Zergling x2  
  141  8:34  Zergling x6  
  144  8:36  Zergling x2  
  144  8:39  Drone x5  
  146  8:43  Hydralisk Den, Baneling x10  
  146  8:44  Zergling x6, Extractor  
  144  8:49  Zergling x2  
  144  8:50  Zergling x6  
  144  8:53  Zergling x8  
Tags
 
Add a new tag
Caveats
  • Supply blocks, unpowered buildings, or Contaminate may cause inaccurate times.
  • Supply counts are checked every 10 seconds.